 Dungeon Crawl Stone Soup version 0.29.1-2-gbd0b4ee654 (webtiles) character file.

Game seed: 458468514327496891

41 KittyFluff the Trooper (level 3, -1/24 HPs)
             Began as a Gargoyle Berserker on Nov 12, 2022.
             Was a Believer of Trog.
             Slain by an orc
             ... wielding a +0 club
              (3 damage)
             ... on level 1 of the Dungeon.
             The game lasted 00:04:01 (1373 turns).

KittyFluff the Trooper (Gargoyle Berserker)         Turns: 1373, Time: 00:04:01

Health: -1/24      AC:  5    Str: 20    XL:     3   Next: 52%
Magic:  3/3        EV: 12    Int:  7    God:    Trog [**....]
Gold:   78         SH:  0    Dex: 11    Spells: 2/2 levels left

rFire   . . .      SeeInvis .   a - +0 mace
rCold   . . .      Faith    .   (no shield)
rNeg    + . .      Spirit   .   b - +0 animal skin
rPois   ∞          Reflect  .   (no helmet)
rElec   +          Harm     .   (no cloak)
rCorr   .          Rampage  .   (no gloves)
Will    .....                   (no boots)
Stlth   +.........              (no amulet)
HPRegen 0.08/turn               (no ring)
MPRegen 0.08/turn               (no ring)

@: mighty, on berserk cooldown
A: sickness immunity, AC +3, negative energy resistance 1, electricity
resistance, torment resistance 1, petrification resistance
a: Renounce Religion, Berserk, Trog's Hand


You were on level 1 of the Dungeon.
You worshipped Trog.
Trog was pleased with you.
You visited 1 branch of the dungeon, and saw 1 of its levels.

You collected 78 gold pieces.

Inventory:

Hand Weapons
 a - a +0 mace (weapon)
Armour
 b - a +0 animal skin (worn)
Scrolls
 c - 2 scrolls of vulnerability {unknown}
 d - a scroll of fear {unknown}
 f - a scroll of identify {unknown}
 h - 2 scrolls of teleportation {unknown}
 j - 2 scrolls of noise {unknown}
Potions
 i - a potion of heal wounds {unknown}
 k - a potion of degeneration {unknown}


   Skills:
 + Level 3.7 Fighting
 + Level 3.7 Maces & Flails
 * Level 2.4 Armour
 + Level 1.7 Dodging
 + Level 1.0 Stealth


You had 2 spell levels left.
You didn't know any spells.
Your spell library was empty.

Dungeon Overview and Level Annotations

Branches:
Dungeon (1/15)

Altars:


Innate Abilities, Weirdness & Mutations

You are immune to sickness and miasma.
Your stone body is resilient. (AC +3)
You are immune to poison.
You resist negative energy. (rN+)
You are resistant to electric shocks. (rElec)
You are resistant to unholy torment.
You are immune to petrification.


Message History

The orc barely misses you. The orc completely misses you.
You hit the orc.
The orc is severely wounded.
The orc hits you with a +0 club. The orc hits you but does no damage.
You closely miss the orc.
The orc is severely wounded.
The orc hits you with a +0 club. The orc barely misses you.
You hit the orc.
The orc is severely wounded.
The orc hits you but does no damage.
You closely miss the orc.
The orc is severely wounded.
The orc hits you with a +0 club.
* * * LOW HITPOINT WARNING * * *
The orc hits you but does no damage.
You hit the orc but do no damage.
The orc is severely wounded.
The orc hits you with a +0 club.
* * * LOW HITPOINT WARNING * * *
The orc misses you.
It was a potion of cancellation.
Your magical effects are unravelling.
You feel magically purged.
You feel yourself speed up. The orc hits you but does no damage.
The orc hits you with a +0 club.
* * * LOW HITPOINT WARNING * * *
You barely miss the orc.
The orc is severely wounded.
The orc hits you but does no damage.
It was a potion of might.
You feel very mighty all of a sudden. The orc hits you with a +0 club.
* * * LOW HITPOINT WARNING * * *
You closely miss the orc.
The orc is severely wounded.
The orc barely misses you.
You barely miss the orc.
The orc is severely wounded.
The orc hits you with a +0 club.
You die...

#...#..#.....#####....#...#.#
.....##......8.#.#o...#.....#
..#...........oo.oo...#...###
.#..##.##.....oK.ow...#...#
...#.........8.#.#K⌠..#...#
...#.#...#..w#####o...#...#
#...###...##Ko## o...#...#
...#....#...#oo########...#
#.......#....ooo@.........#
###########################
######## ......># ###.####
#...# ....# ..#.# ###'##


You could see a dart slug, 6 orcs and a kobold.

Vanquished Creatures
  A dart slug (D:1)
  5 orcs (D:1)
  3 ball pythons (D:1)
  5 endoplasms (D:1)
  2 giant cockroaches (D:1)
  2 goblins (D:1)
  3 hobgoblins (D:1)
  A quokka (D:1)
  3 bats (D:1)
  A frilled lizard (D:1)
  2 kobolds (D:1)
  4 rats (D:1)
32 creatures vanquished.

Vanquished Creatures (others)
  3 plants (D:1)
3 creatures vanquished.

Grand Total: 35 creatures vanquished

Notes
Turn   | Place    | Note
-------+----------+-------------------------------------------
     0 | D:1      | KittyFluff the Gargoyle Berserker began the quest for the
                  | Orb.
     0 | D:1      | Reached XP level 1. HP: 14/14 MP: 1/1
   266 | D:1      | Reached XP level 2. HP: 14/19 MP: 2/2
  1023 | D:1      | Reached ** piety under Trog
  1024 | D:1      | Reached XP level 3. HP: 24/24 MP: 3/3
  1261 | D:1      | Found a large runed translucent door.
  1261 | D:1      | Found a large runed translucent door.
  1337 | D:1      | Reached skill level 1 in Stealth
  1373 | D:1      | Slain by an orc

Illustrated notes

Levels and vault maps discovered:
D:1:      erik_arrival_cave_to_civilisation [erik_arrival_cave_to_temple],
          layout_basic, shapermc_ecumenical_altar_mp_ritualfount, nrook_uturn

Skill      XL: |  1  2  3 |
---------------+----------+-----
Stealth        | 1 |  1.0
Fighting       | |  3.7
Maces & Flails | |  3.7
Armour         | |  2.4
Dodging        | |  1.7

Action                   || total
-------------------------++-------
Melee: Mace              ||    97
Invok: Berserk           ||     1
  Use: Potion            ||     2
 Stab: Sleeping          ||     1
Armor: Animal skin       ||    27
Dodge: Dodged            ||    47
